 Dungeon Crawl Stone Soup version 0.30-a0-322-g102857c98e (webtiles) character file.

Game seed: 7585725658822585219

844 oldmanjim the Magician (level 8, -1/54 (56) HPs)
             Began as a Djinni Hedge Wizard on Oct 27, 2022.
             Was a Follower of Ashenzari.
             Slain by an orc
             ... wielding a +0 dagger
              (4 damage)
             ... on level 9 of the Dungeon on Oct 28, 2022.
             The game lasted 00:35:04 (5982 turns).

oldmanjim the Magician (Djinni Hedge Wizard)        Turns: 5982, Time: 00:35:04

HP:   -1/54 (56)    AC:  6    Str:  9    XL:     8   Next: 20%
Gold: 277           EV: 10    Int: 18    God:    Ashenzari [*.....] SH:  5 Dex: 13

rFire   + + .      SeeInvis .    a - +0 dagger (freeze)
rCold   x . .      Faith    .    (no shield)
rNeg    . . .      Spirit   .    o - +1 ring mail "Per Aspera Ad Scientiam" {Will+, Evo, Fort} (curse)
rPois   ∞          Reflect  +    c - +0 hat
rElec   .          Harm     .    (no cloak)
rCorr   .          Rampage  .    (no gloves)
Will    +....                    (boots unavailable)
Stlth   +.........               C - amulet of the Mantic Sun {Reflect SH+5, Fort, Self} (curse)
HPRegen 0.29/turn                (no ring)
MPRegen 0.00/turn                (no ring)

@: on blink cooldown, flying, lightly drained
A: sickness immunity, fire resistance 2, cold vulnerability 1, float, innate
caster, HP casting, extra vitality 1
a: Renounce Religion, Shatter the Chains


You were on level 9 of the Dungeon.
You worshipped Ashenzari.
Ashenzari was aware of your devotion.
You visited 2 branches of the dungeon, and saw 8 of its levels.

You collected 277 gold pieces.

Inventory:

Hand Weapons
 a - a +0 dagger of freezing (weapon)
 y - a +0 dagger
 D - a +0 spear
Missiles
 h - 75 stones
Armour
 c - a +0 hat (worn)
 o - the cursed +1 ring mail "Per Aspera Ad Scientiam" (worn) {Will+, Evo, Fort}
   (You took it off Terence on level 2 of the Dungeon)

   It has a curse which improves the following skills: Evocations: Evocations.
   Fortitude: Armour and Shields.
 z - a +1 robe of willpower
Jewellery
 C - the cursed amulet of the Mantic Sun (around neck) {Reflect SH+5, Fort, Self}
   (You took it off an orc on level 5 of the Dungeon)

   [amulet of reflection]

   It reflects blocked missile attacks.
   SH:        It affects your SH (+5).
   It has a curse which improves the following skills: Fortitude: Armour and
   Shields.
   Introspection: Fighting and Spellcasting.
Wands
 B - a wand of roots (1)
Scrolls
 b - 2 scrolls of amnesia
 d - 3 scrolls of teleportation
 g - 3 scrolls of fear
 i - 3 scrolls of blinking
 j - 8 scrolls of identify
 p - 3 scrolls of immolation
 q - 2 scrolls of noise
 s - 2 scrolls of magic mapping
 t - a scroll of vulnerability
 w - a scroll of enchant armour
 x - a scroll of poison
 A - a scroll of enchant weapon
Potions
 e - 5 potions of curing
 f - a potion of attraction
 k - a potion of might
 l - a potion of brilliance
 m - 2 potions of mutation
 n - 2 potions of berserk rage
 r - 4 potions of degeneration
 u - a potion of flight
 v - a potion of heal wounds


   Skills:
 + Level 2.5(3.2) Fighting
 - Level 3.0 Dodging
 - Level 1.5 Stealth
 - Level 6.6(7.5) Spellcasting


You had 5 spell levels left.
You knew the following spells:

 Your Spells              Type           Power      Damage    Failure   Level
a - Magic Dart            Conj           100%       1d8       1%          1
b - Slow                  Hex            100%       N/A       1%          1
c - Blink                 Tloc           66%        N/A       1%          2
d - Call Imp              Summ           33%        N/A       1%          2
e - Cigotuvi's Dreadful   Necr/Pois/Air  66%        N/A       1%          2
f - Mephitic Cloud        Conj/Pois/Air  33%        N/A       4%          3
g - Foxfire               Conj/Fire      100%       2x1d9     1%          1
h - Passwall              Tmut/Erth      27%        N/A       1%          2
i - Kindle Blastsparks    Fire/Tloc/Air  66%        2d15      4%          3
Your spell library was empty.

Dungeon Overview and Level Annotations

Branches:
Dungeon (9/15)             Temple (1/1) D:5
   Lair: D:8-11         Orc: D:9-12

Altars:
Ashenzari
Dithmenos
Elyvilon
Gozag
Hepliaklqana
Makhleb
Nemelex Xobeh
Okawaru
Ru
Trog
Uskayaw
Wu Jian
Xom
Yredelemnul
Zin
The Shining One

Shops:
D:1 [   D:6 :

Annotations:
D:5 exclusion: black bear
D:9 Psyche


Innate Abilities, Weirdness & Mutations

You are immune to sickness and miasma.
You are immune to poison.
Your flesh is very heat resistant. (rF++)
You are vulnerable to cold. (rC-)
You float through the air rather than walking.
You learn spells naturally, not from books.
Your magical power is your life essence.
You have superior vitality. (+4 MHP)


Message History

A killer bee comes into view.
As you read the scroll of fear, it crumbles to dust.
You assume a fearsome visage.
The vampire is unaffected.
The killer bee looks frightened! x3
The killer bee buzzes angrily.
The orc looks frightened! x2; The orc wizard looks frightened!
The orc looks frightened!
You hear an angry buzzing noise. x2
The orc wizard mumbles some strange words.
The orc wizard flickers and vanishes!
The orc shouts!
A killer bee comes into view.
An orc wizard comes into view. It is wielding a +0 dagger.
A killer bee comes into view.
The orc wizard shouts!
The killer bee buzzes angrily.
You hear an angry buzzing noise.
A killer bee comes into view.
You hear some strange, mumbled words.
A swirling arc of seething chaos appears!
An arc of chaos appears from out of thin air!
The arc of chaos hits you.
You feel drained.
* * * LOW HITPOINT WARNING * * *
Casting: Call Imp (safe; 1% risk of failure)
Confirm with . or Enter, or press ? or * to list all spells.
You blink.
An orc and a killer bee come into view.
The orc shouts!
* * * LOW HITPOINT WARNING * * *
The killer bee stings you but does no damage.
You hear some strange, mumbled words.
A swirling arc of seething chaos appears!
An arc of chaos appears from out of thin air!
The arc of chaos hits the vampire but does no damage.
The arc of chaos hits the orc.
The orc is poisoned.
The killer bee closely misses you. The killer bee stings you.
* * * LOW HITPOINT WARNING * * *
The killer bee stings you.
* * * LOW HITPOINT WARNING * * *
The orc hits you with a +0 dagger.
You die...

#.#.## . . ########
#.#.#.# # . . #......#
#.#.#.### #.#.#......#
#.#.#.#.. . #.#.#......#
#...5.... ...yo#......#
#........
###y#........#.#...o....
......yy.{..............
#.y@o(..o####.......
#oyo..#####oo.......
#..o.{.$.o..{#.#.#.#
##<###o#####.#.#.#.# #V#
#.# #.#.#...# #{# #o#
..#.##### #.#
#.###.###..
#.###..........
#.......#.###..


You could see a vampire, an orc warrior, 6 killer bees, an orc wizard and 5
orcs.

Vanquished Creatures
  An ice beast (D:6)
  An ogre (D:4)
  A centaur (D:9)
  A phantom (D:6)
  A scorpion (D:6)
  A howler monkey (D:5)
  A gnoll bouda (D:4)
  A hound (D:6)
  An orc priest (D:5)
  4 iguanas
  4 gnolls (D:4)
  An adder (D:4)
  A worm (D:2)
  7 orcs
  3 endoplasms
  2 giant cockroaches (D:1)
  4 goblins
  5 hobgoblins
  10 jackals
  2 quokkas
  2 ball pythons
  A bat (D:1)
  8 kobolds
  4 rats
67 creatures vanquished.

Vanquished Creatures (collateral kills)
  3 iguanas
  Terence (D:2)
  A dart slug (D:3)
5 creatures vanquished.

Vanquished Creatures (others)
  A jackal (D:1)
  A goblin (D:1)
  70 foxfires
  12 plants (D:4)
84 creatures vanquished.

Grand Total: 156 creatures vanquished

Notes
Turn   | Place    | Note
-------+----------+-------------------------------------------
     0 | D:1      | oldmanjim the Djinni Hedge Wizard began the quest for the
                  | Orb.
     0 | D:1      | oldmanjim set off with the following spells memorised:
                  | Magic Dart, Slow, Blink, Call Imp, Cigotuvi's Dreadful Rot,
                  | Mephitic Cloud.
     0 | D:1      | Reached XP level 1. HP: 15/15 MP: 0/0
   112 | D:1      | Found Zeusk's Antique Armour Shop.
   168 | D:1      | Reached XP level 2. HP: 18/21 MP: 0/0
   357 | D:1      | Reached skill level 3 in Spellcasting
   537 | D:1      | Reached XP level 3. HP: 9/25 MP: 0/0
   537 | D:1      | Learned a level 1 spell: Foxfire
  1824 | D:2      | Noticed Terence
  1839 | D:2      | Killed Terence
  1840 | D:2      | Reached XP level 4. HP: 30/31 MP: 0/0
  2654 | D:4      | Noticed an ogre
  2687 | D:4      | Killed an ogre
  2688 | D:4      | Reached skill level 4 in Spellcasting
  2688 | D:4      | Reached XP level 5. HP: 25/35 MP: 0/0
  2688 | D:4      | Learned a level 2 spell: Passwall
  2851 | D:4      | Reached XP level 6. HP: 26/40 MP: 0/0
  2858 | D:4      | Reached skill level 5 in Spellcasting
  3894 | D:5      | Entered Level 5 of the Dungeon
  4388 | D:5      | Found a staircase to the Ecumenical Temple.
  4404 | Temple   | Entered the Ecumenical Temple
  4500 | Temple   | Became a worshipper of Ashenzari the Shackled
  4536 | D:5      | Noticed a black bear
  4617 | D:5      | Reached XP level 7. HP: 29/45 MP: 0/0
  4617 | D:5      | Learned a level 3 spell: Kindle Blastsparks
  5220 | D:5      | Reached skill level 6 in Spellcasting
  5486 | D:6      | Found a sparkling altar of Nemelex Xobeh.
  5486 | D:6      | Found an opulent altar of Gozag.
  5555 | D:6      | Reached skill level 1 in Fighting
  5607 | D:6      | Found Jebb's Book Shop.
  5763 | D:6      | Reached XP level 8. HP: 53/54 MP: 0/0
  5888 | D:6      | You are sucked into a shaft and drop 3 floors!
  5910 | D:9      | Noticed Psyche
  5952 | D:9      | Found a shadowy altar of Dithmenos.
  5976 | D:9      | Noticed a vampire
  5977 | D:9      | Reached * piety under Ashenzari
  5982 | D:9      | Slain by an orc

Illustrated notes

Levels and vault maps discovered:
D:1:      tarquinn_simple_flora_water_d, layout_basic, serial_shops,
          nicolae_shop_temple_entry_statues_fountains, lemuel_flame_loot_1
D:2:      wander_river, layout_loops_corners, dreamdust_princess_bridge,
          uniq_terence
D:3:      layout_loops_ring
D:4:      layout_loops_corners, corexii_checkpoint_a, nicolae_grassy_gnolls
D:5:      layout_basic, minmay_temple_entry_proselytizer,
          nicolae_zen_rock_garden
D:6:      layout_gridville, grunt_temple_overflow_opulence, serial_shops,
          nicolae_shop_window_shopping
D:9:      layout_basic, nicolae_dithmenos_through_a_glass_darkly, serial_shops,
          nicolae_shop_waterfront, uniq_psyche
Temple:   nicolae_temple_superstar

Skill      XL: |  1  2  3  4  5  6  7  8 |
---------------+-------------------------+-----
Spellcasting   | 3 4 5 6 |  6.6
Fighting       | 1 2 |  2.5
Dodging        | 3 |  3.0
Stealth        | |  1.5

Action                   |  1- 3 |  4- 6 |  7- 9 || total
-------------------------+-------+-------+-------++-------
 Cast: Magic Dart        |    87 |    61 |    11 ||   159
       Slow              |     2 |       |       ||     2
       Blink             |     1 |       |     2 ||     3
       Call Imp          |     1 |     7 |    12 ||    20
       Mephitic Cloud    |     1 |     2 |       ||     3
       Foxfire           |       |    25 |    17 ||    42
       Kindle Blastspark |       |       |     1 ||     1
Invok: Curse Item        |       |       |     2 ||     2
  Use: Potion            |     1 |       |       ||     1
       Scroll            |       |       |     1 ||     1
Armor: Robe              |     3 |     2 |     4 ||     9
       Ring mail         |       |       |     4 ||     4
Dodge: Dodged            |    11 |    18 |     6 ||    35
Block: Other             |       |       |     5 ||     5
       Reflection        |       |       |     2 ||     2

Table legend: (Time is in decaauts)
 A = Elapsed time spent in this place.
 B = Non-inter-level travel time spent in this place.
 C = Inter-level travel time spent in this place.
 D = Time resting spent in this place.
 E = Time spent auto-exploring this place.
 F = Levels seen in this place.
 G = Mean time per level.
                   A        B        C        D        E       F      G
               +--------+--------+--------+--------+--------+-----+--------+
         Total |   5981 |   5744 |    237 |    227 |   4789 |   8 |  747.6 |
       Dungeon |   5863 |   5656 |    207 |    227 |   4717 |   7 |  837.6 |
        Temple |    117 |     87 |     30 |      0 |     72 |   1 |  117.0 |
               +--------+--------+--------+--------+--------+-----+--------+

Top non-repeatable levels by time:
     D:5: 1269 daAuts
     D:4: 1256 daAuts
     D:1: 1012 daAuts
     D:2: 979 daAuts
     D:3: 644 daAuts
     D:6: 607 daAuts
  Temple: 117 daAuts
     D:9: 93 daAuts
